AoeStats
← Tarklow

African Clearing

510401801Analyzed
2v2 RM · 17h ago on Sep 30, 2026· 42m 55s· 4 players
Game mode
Random Map
Map size
Medium (4 player)
Population
200
Speed
Normal
Resources
Standard
Victory
Conquest
Starting age
Dark Age
Ending age
Imperial Age
RankedLock teamsTeams togetherTeam positionsShared explorationLock speedFull tech treeHidden civsTurbo modeCheats
Victory
Defeat
🇬🇧 Ethiopians · United Kingdom
758
+14
🇹🇷 Khmer · Türkiye
705
+16
🇸🇰 Saxons · Slovakia
759
-16
🇨🇴 Franks · Colombia
676
-14
baron von wes
10:48 Loom
14:11 Feudal Age
20:42 Wheelbarrow
22:29 Horse Collar
27:51 Castle Age
27:22 Stone Mining
29:55 Stone Shaft Mining
30:56 Scale Barding Armor
32:10 Forging
34:49 Heavy Plow
34:54 Arson
35:54 Scale Mail Armor
36:33 Hand Cart
37:21 Royal Heirs
41:37 Imperial Age
39:46 Iron Casting
40:36 Gold Mining
41:46 Chain Mail Armor
41:37 Squires
41:34 Double-Bit Axe
44:08 Blast Furnace
mehmet.eroztoprak
19:06 Feudal Age
21:25 Scale Barding Armor
21:31 Forging
22:58 Loom
24:30 Bloodlines
29:45 Castle Age
30:29 Husbandry
32:49 Iron Casting
38:02 Imperial Age
37:16 Chain Barding Armor
37:25 Horse Collar
40:36 Gold Mining
42:31 Chemistry
Tarklow
9:24 Loom
12:44 Feudal Age
14:23 Double-Bit Axe
14:45 Town Watch
19:01 Horse Collar
20:55 Forging
20:45 Scale Mail Armor
26:54 Arson
30:41 Castle Age
31:37 Bow Saw
35:13 Fortified Wall
36:11 Heavy Plow
36:14 Loom
41:14 Masonry
41:23 Gold Mining
41:23 Stone Mining
jotero95
3:42 Loom
15:43 Feudal Age
16:59 Wheelbarrow
20:29 Double-Bit Axe
28:46 Castle Age
28:51 Gold Mining
28:53 Stone Mining
30:25 Hand Cart
30:24 Bow Saw
34:23 Fletching
34:39 Scale Barding Armor
39:33 Bodkin Arrow
39:58 Chain Barding Armor
39:39 Scale Mail Armor
39:49 Forging
40:01 Town Watch
Connection lost

Rejoining the realm…

Still unreachable

The connection could not be restored.

Session expired

The server has moved on; the page needs a fresh start.